 Dungeon Crawl Stone Soup version 0.18-a0-965-g9200175 (webtiles) character file.

121 root the Chopper (level 5, 0/46 HPs)
             Began as a Hill Orc Berserker on Jan 1, 2016.
             Was a Believer of Trog.
             Succumbed to a scorpion's poison
             ... on level 2 of the Dungeon.
             The game lasted 00:07:13 (2678 turns).

root the Chopper (Hill Orc Berserker)               Turns: 2678, Time: 00:07:14

Health: 0/46       AC:  3    Str: 21    XL:     5   Next: 5%
Magic:  5/5        EV: 12    Int:  7    God:    Trog [**....]
Gold:   99         SH:  0    Dex: 10    Spells: 0 memorised, 4 levels left

rFire  . . .     SeeInvis .     a - +0 hand axe
rCold  . . .     Gourm    .     d - +0 robe (curse)
rNeg   . . .     Faith    .     (no shield)
rPois  .         Spirit   .     (no helmet)
rElec  .         Dismiss  .     n - +0 cloak
rCorr  .         Reflect  .     (no gloves)
SustAt .         Harm     .     (no boots)
MR     .....                    g - amulet of inaccuracy (curse)
Stlth  ..........               (no ring)
                                r - ring of loudness (curse)

@: lethally poisoned (0 -> -16), not resistant to hostile enchantments,
extremely unstealthy
A: no striking features
a: Berserk, Trog's Hand, Burn Spellbooks, Renounce Religion


You were on level 2 of the Dungeon.
You worshipped Trog.
Trog was pleased with you.
You were not hungry.

You visited 1 branch of the dungeon, and saw 3 of its levels.

You collected 99 gold pieces.

Inventory:

Hand Weapons
 a - a +0 hand axe (weapon)
Armour
 b - a +0 animal skin
 d - a cursed +0 robe (worn)
 n - a +0 cloak (worn)
Jewellery
 g - a cursed amulet of inaccuracy (around neck)
 m - an uncursed ring of ice
 r - a cursed ring of loudness (left hand)
Scrolls
 e - 2 scrolls of identify
 l - a scroll of amnesia
 o - a scroll of immolation
Potions
 h - a potion of haste {unknown}
 k - 2 potions of curing
Comestibles
 c - 2 bread rations
 f - 4 meat rations
 i - 4 chunks of flesh
 q - 2 royal jellies


   Skills:
 + Level 4.2 Fighting
 * Level 5.4 Axes
 + Level 2.2 Armour
 + Level 3.0 Dodging


You had 4 spell levels left.
You didn't know any spells.

Dungeon Overview and Level Annotations

Branches:
Dungeon (3/15)

Altars:


Message History

The scorpion is lightly wounded.
You feel sick. The scorpion stings you!
* * * LOW HITPOINT WARNING * * *
You hit the scorpion.
The scorpion is heavily wounded.
The scorpion stings you but does no damage.
You hit the scorpion.
The scorpion is heavily wounded.
* * * LOW HITPOINT WARNING * * *
You feel sick. The scorpion stings you.
* * * LOW HITPOINT WARNING * * *
You are more poisoned.
The scorpion poisons you!
You hit the scorpion.
The scorpion is severely wounded.
* * * LOW HITPOINT WARNING * * *
You feel sick. The scorpion closely misses you.
You hit the scorpion but do no damage.
The scorpion is severely wounded.
You die...

..............[######.....PP≈P.≈.
########..#.......# ##.#.≈P≈≈≈P..
##.#.......####..PP≈≈≈≈≈≈.
#.........#.....PP♣≈♣≈≈≈≈
#####.#.....[...#..PP≈≈≈♣≈≈≈≈
#.....#.............≈≈≈♣P♣♣≈≈
##.#####.......#...PP≈≈≈PPPP♣P
#..#####.......#....P♣♣PPPPP≈♣
#.###........@s....PP♣≈.PP.P≈≈
##.###...##..........≈♣.P...≈≈≈
#..##........÷.......P≈P#....P≈
#.##.....###........P♣≈P.....PP
#.##.#...###........P≈≈.#....P≈
##....#..............P≈..#......
#..####.....#.........P≈.#......
#### #...#.#..........#.#......
#...#.#.......(..#........


You could see a scorpion.

Vanquished Creatures
  A hound (D:2)
  Ijyb (D:2)
  An adder (D:2)
  An ooze (D:2)
  A giant gecko (D:1)
  4 giant cockroaches
  7 goblins
  5 hobgoblins
  5 jackals (D:2)
  2 quokkas (D:2)
  A ball python (D:1)
  4 bats
  4 giant newts
  7 kobolds
  4 rats
48 creatures vanquished.

Notes
Turn   | Place    | Note
--------------------------------------------------------------
     0 | D:1      | root the Hill Orc Berserker began the quest for the Orb.
     0 | D:1      | Reached XP level 1. HP: 19/19 MP: 1/1
   316 | D:1      | Reached XP level 2. HP: 24/27 MP: 2/2
   968 | D:1      | Reached XP level 3. HP: 33/33 MP: 3/3
  1123 | D:2      | Noticed Ijyb
  1152 | D:2      | Killed Ijyb
  1152 | D:2      | Reached skill level 5 in Axes
  1156 | D:2      | Reached ** piety under Trog
  1156 | D:2      | Reached XP level 4. HP: 14/40 MP: 4/4
  2545 | D:2      | Reached XP level 5. HP: 28/46 MP: 5/5
  2677 | D:2      | HP: 1/46 [poisoned by a scorpion]
  2678 | D:2      | Succumbed to a scorpion's poison

Vault maps used:
D:1:      lightli_iron_boxes
D:2:      serial_bayou, serial_bayou_shore_a, serial_bayou_pond_a,
          serial_bayou_pond_b, serial_bayou_lagoon_a, uniq_iyjb
D:3:      first_bread, fedhas_altar_2, uniq_terence

Action                   |  1- 3 |  4- 6 || total
-------------------------+-------+-------++-------
Melee: Hand axe          |   109 |   111 ||   220
  Use: Scroll            |       |     6 ||     6
  Eat: Chunk             |     1 |     5 ||     6
